 Dungeon Crawl Stone Soup version 0.22.1-2-g9c5b331 (webtiles) character file.

179 WarriorsX the Slasher (level 5, -1/41 HPs)
             Began as a Human Fighter on Dec 11, 2018.
             Was an Initiate of the Shining One.
             Slain by Sigmund
             ... wielding a +0 scythe
              (13 damage)
             ... on level 3 of the Dungeon.
             The game lasted 00:04:54 (2470 turns).

WarriorsX the Slasher (Human Fighter)               Turns: 2470, Time: 00:04:54

Health: -1/41      AC:  6    Str: 17    XL:     5   Next: 90%
Magic:  5/5        EV:  8    Int:  9    God:    the Shining One [......]
Gold:   102        SH:  9    Dex: 12    Spells: 4/4 levels left

rFire    . . .     SeeInvis .   a - +0 long sword
rCold    . . .     Gourm    .   c - +0 shield
rNeg     . . .     Faith    .   b - +0 scale mail
rPois    .         Spirit   .   (no helmet)
rElec    .         Reflect  .   (no cloak)
rCorr    .         Harm     .   (no gloves)
MR       .....                  (no boots)
Stlth    ..........             (no amulet)
HPRegen  0.13/turn              (no ring)
MPRegen  0.09/turn              (no ring)

@: glowing
A: no striking features
a: Renounce Religion


You were on level 3 of the Dungeon.
You worshipped the Shining One.
The Shining One was noncommittal.
You were very hungry.

You visited 1 branch of the dungeon, and saw 3 of its levels.

You collected 102 gold pieces.

Inventory:

Hand Weapons
 a - a +0 long sword (weapon)
Armour
 b - a +0 scale mail (worn)
 c - a +0 shield (worn)
Jewellery
 h - a +4 ring of dexterity {unknown}
 m - an uncursed ring of stealth {unknown}
 o - an uncursed ring of stealth {unknown}
 p - an uncursed ring of wizardry {unknown}
Scrolls
 e - 2 scrolls of teleportation {unknown}
 g - 2 scrolls of random uselessness {unknown}
 j - a scroll of amnesia {unknown}
 k - 2 scrolls of identify {unknown}
 l - a scroll of blinking {unknown}
Potions
 d - a potion of might
 i - a potion of mutation {unknown}
 n - 2 potions of curing {unknown}
 q - a potion of brilliance {unknown}
Comestibles
 f - 4 rations


   Skills:
 - Level 3.0 Fighting
 - Level 4.0 Long Blades
 - Level 3.0 Armour
 + Level 3.6 Dodging
 - Level 3.0 Shields


You had 4 spell levels left.
You didn't know any spells.
Your spell library was empty.

Dungeon Overview and Level Annotations

Branches:
Dungeon (3/15)

Altars:
The Shining One

Annotations:
D:3 Sigmund


Message History

Sigmund is moderately wounded.
Sigmund hits you with a scythe.
You hit Sigmund.
Sigmund is heavily wounded.
Sigmund gestures wildly while chanting.
Sigmund flickers and vanishes!
Deactivating autopickup; reactivate with Ctrl-A.
You miss something. Something hits you but does no damage.
Your shield and scale mail prevent you from hitting something.
You block something's attack.
You miss something. Something hits you!
You hit something. Something hits you.
You barely miss something. You closely miss something. Something hits you.
You hit something. You block something's attack.
You hit something but do no damage. Something hits you.
You barely miss something. Something hits you!
* * * LOW HITPOINT WARNING * * *
You closely miss something. Something hits you!
You die...

#.................
................# #.............#
#.............### ....
#...............#......#
#...............#......#
######.........#...#......#######
...............#...#.....##......
...............{@<.#.............
.............##..................
..........#......................
..........#......................
...#......#.......##......##.....
...#......#......)##...#####.....
.. #......#.......##...# ####..
#################...# ### #...#


There were no monsters in sight!

Vanquished Creatures
  The ghost of Frank the Shield-Bearer, a weakling OpFi (D:3)
  An orc priest (D:3)
  4 adders
  3 gnolls (D:2)
  2 dart slugs
  A leopard gecko (D:2)
  4 orcs
  7 bats
  4 giant cockroaches (D:1)
  9 hobgoblins
  2 kobolds
  A frilled lizard (D:2)
  4 rats
43 creatures vanquished.

Notes
Turn   | Place    | Note
-------+----------+-------------------------------------------
     0 | D:1      | WarriorsX the Human Fighter began the quest for the Orb.
     0 | D:1      | Reached XP level 1. HP: 18/18 MP: 1/1
    52 | D:1      | Reached XP level 2. HP: 24/24 MP: 2/2
   364 | D:1      | Reached skill level 3 in Long Blades
   479 | D:1      | Reached XP level 3. HP: 21/29 MP: 3/3
   792 | D:2      | Found a glowing golden altar of the Shining One.
   816 | D:2      | Became a worshipper of the Shining One
  1011 | D:2      | Reached skill level 4 in Long Blades
  1011 | D:2      | Reached XP level 4. HP: 27/35 MP: 4/4
  1132 | D:2      | Found a faded altar of an unknown god.
  1758 | D:3      | Reached skill level 1 in Dodging
  1851 | D:3      | Found a runed door.
  1856 | D:3      | Noticed Frank's ghost (weakling OpFi)
  1866 | D:3      | Killed Frank's ghost
  1866 | D:3      | Reached XP level 5. HP: 36/41 MP: 5/5
  1961 | D:3      | Noticed Sigmund
  2470 | D:3      | Slain by Sigmund

Skill      XL: |  1  2  3  4  5 |
---------------+----------------+-----
Long Blades    | 3 4 |  4.0
Dodging        | 2 3 |  3.6
Fighting       | |  3.0
Armour         | |  3.0
Shields        | |  3.0

Action                   |  1- 3 |  4- 6 || total
-------------------------+-------+-------++-------
Melee: Long sword        |    88 |   100 ||   188
  Eat: Chunk             |       |     4 ||     4
Armor: Scale mail        |    39 |    39 ||    78
Dodge: Dodged            |    28 |    45 ||    73
Block: Shield            |    45 |    65 ||   110
       Rpst.: Long sword |     5 |    13 ||    18
